[Event "Live Chess"]
[Site "Chess.com"]
[Date "2023.05.20"]
[Round "-"]
[White "Tushinskiy"]
[Black "JohanKjeldahl"]
[Result "1-0"]
[WhiteElo "2124"]
[BlackElo "1842"]
[TimeControl "300"]
[EndTime "13:44:34 PDT"]
[Termination "Tushinskiy won by resignation"]

1. d4 Nf6 2. c3 b6 3. Nf3 Bb7 4. Bf4 e6 5. Nbd2 Be7 6. Bg3 d5 7. Qc2 O-O 8. e3 c5 9. Bd3 Nbd7 10. O-O h6 11. Rae1 Rc8 12. Ne5 Nxe5 13. dxe5 Nh5 14. f4 d4 15. exd4 cxd4 16. c4 Nxg3 17. hxg3 b5 18. b3 Bb4 19. Re2 Bc3 20. Ne4 b4 21.
Ref2 Bxe4 22. Bxe4 a5 23. Bd3 Qd7 24. Qe2 a4 25. Qe4 g6 26. g4 axb3 27. axb3 Qc6 28. Qe2 Ra8 29. f5 exf5 30. gxf5 Qb6 31. Qg4 Kg7 32.
f6+ Kh7 33. e6 Qxe6 34. Bxg6+ Kh8 35. Qh5 Qe3 36. Be4 Be1 37. Bxa8 Bxf2+ 38. Rxf2 Rxa8 39.
Qxf7 Ra1+ 40. Kh2 Qe5+ 41. g3 Qh5+ 42. Qxh5 1-0

[Event "Live Chess"]
[Site "Chess.com"]
[Date "2023.05.20"]
[Round "-"]
[White "TheSmoulderingMaster"]
[Black "HoarseyHorsey"]
[Result "1-0"]
[WhiteElo "1732"]
[BlackElo "1399"]
[TimeControl "300"]
[EndTime "13:44:45 PDT"]
[Termination "TheSmoulderingMaster won by resignation"]

1. e4 c5 2. Nf3 e6 3. d4 cxd4 4. Nxd4 Nf6 5. Nc3 Nc6 6. Bg5 h6 7. Bh4 Be7 8. Bc4 O-O 9. O-O Ne5 10. Bb3 a6 11. Kh1 b5 12. f4 Nc6 13. e5 Nd5 14.
Ne4 Bxh4 15. Nf3 Be7 16. f5 d6 17. f6 gxf6 18. Bxd5 exd5 19. exf6 Bxf6 20. Qxd5 Be6 21.
Qxc6 Bxb2 22. Rad1 d5 23. Ng3 Rc8 24. Qb7 Rxc2 25.
Qxa6 Qd7 26. Rb1 Rfc8 27. Nh5 Bg4 28. Rxb2 Qe6 29. Qxe6 fxe6 30. Rxc2 Rxc2 31. Nf6+ 1-0

[Event "Live Chess"]
[Site "Chess.com"]
[Date "2023.05.20"]
[Round "-"]
[White "OSmith06"]
[Black "rideuv21"]
[Result "0-1"]
[WhiteElo "1662"]
[BlackElo "1819"]
[TimeControl "300"]
[EndTime "13:44:46 PDT"]
[Termination "rideuv21 won by resignation"]

1. e4 c5 2. Nf3 Nc6 3. d4 cxd4 4.
Nxd4 g6 5. Nc3 Bg7 6. Be3 Nf6 7.
f3 O-O 8. Qd2 d5 9. exd5 Nxd5 10. Nxd5 Qxd5 11. Nxc6 Qxc6 12. O-O-O Be6 13. Kb1 a5 14. h4 h5 15. Be2 a4 16. a3 Qc7 17. g4 Rfd8 18. Qc1 Rxd1 19. Rxd1 Qe5 20. f4 Qe4 21. Bd3 Qc6 22. gxh5 gxh5 23. f5 Bc4 24. Bxc4 Qxc4 25. Qd2 Rc8 26. Qd3 Qxd3 27. Rxd3 Bf6 28. Bg5 Bxg5 29. hxg5 Rc5 30. f6 exf6 31. gxf6 Rf5 32.
Rd8+ Kh7 33. Rd7 Rxf6 34. Rxb7 h4 35. Rb4 Rh6 36. Rf4 Kg6 37. Rg4+ Kf5 38. Rg1 h3 39. c4 h2 40. Rh1 Ke4 41. Kc2 Kf3 42. c5 Kg2 43. Re1 h1=Q 44. Rxh1 Kxh1 45. Kc3 f5 46.
Kb4 f4 47. Kxa4 f3 48. c6 Rxc6 49. b4 f2 50. b5 Rc8 51. b6 f1=Q 52. b7 Qa6+ 0-1

[Event "Live Chess"]
[Site "Chess.com"]
[Date "2023.05.20"]
[Round "-"]
[White "Bob2pen"]
[Black "LodeshChess"]
[Result "1-0"]
[WhiteElo "1802"]
[BlackElo "1067"]
[TimeControl "300"]
[EndTime "13:44:48 PDT"]
[Termination "Bob2pen won by resignation"]

1. c4 e5 2. g3 c6 3. Bg2 d5 4. cxd5 cxd5 5. d4 e4 6. e3 Nc6 7. Nc3 Bb4 8. Ne2 Nf6 9. O-O O-O 10. a3 Ba5 11. Bd2 a6 12. b4 Bc7 13. Rc1 Ne7 14. Na4 b5 15. Qc2 Ra7 16. Nc5 Bb6 17. a4 Rc7 18.
axb5 axb5 19. Nc3 Bd7 20. Ra1 Bxc5 21. bxc5 Bc6 22. Rfb1 Qb8 23. Na2 Ra7 24. Nb4 Rxa1 25. Rxa1 Qb7 26. Qa2 Ra8 27. Qxa8+ Qxa8 28. Rxa8+ Bxa8 29. Bf1 Nc6 30. Bxb5 Nxb4 31. Bxb4 Nh5 32. Bd7 g6 33. c6 Ng7 34. c7 Bb7 35. c8=Q+ Bxc8 36. Bxc8 Ne6 37. Bxe6 fxe6 38. Kg2 1-0

[Event "Live Chess"]
[Site "Chess.com"]
[Date "2023.05.20"]
[Round "-"]
[White "nigelst"]
[Black "OceanFloater"]
[Result "1-0"]
[WhiteElo "1832"]
[BlackElo "1007"]
[TimeControl "300"]
[EndTime "13:44:49 PDT"]
[Termination "nigelst won by checkmate"]

1. e4 c6 2. d4 d5 3. exd5 cxd5 4. Bd3 Nf6 5. c3 Bg4 6. Qb3 Qc7 7. Ne2 e6 8. Bf4 Bd6 9. Bxd6 Qxd6 10. Qxb7 Bxe2 11.
Bxe2 O-O 12. Qxa8 Nc6 13. Qb7 Rb8 14. Qa6 Ne4 15. O-O Rb6 16. Qd3 Qf4 17. Na3 Rxb2 18.
Rab1 Rxa2 19. Nb5 Nd2 20. g3 Qe4 21. Qxe4 dxe4 22. Ra1 Nxf1 23. Rxa2 e3 24. Kxf1 exf2 25. Kxf2 h6 26. Nxa7 Nxa7 27. Rxa7 Kh7 28. Rxf7 Kg6 29. Re7 Kf6 30. Ra7 g6 31. c4 g5 32. c5 Kf5 33. c6 Ke4 34. c7 Kxd4 35. c8=Q e5 36. Ra4+ Kd5 37. Qd7+ Kc5 38. Rc4+ Kb6 39. Qc6+ Ka5 40.
Ra4# 1-0

[Event "Live Chess"]
[Site "Chess.com"]
[Date "2023.05.20"]
[Round "-"]
[White "ItsNot_Jasper"]
[Black "MartaMost"]
[Result "0-1"]
[WhiteElo "1321"]
[BlackElo "1195"]
[TimeControl "300"]
[EndTime "13:44:55 PDT"]
[Termination "MartaMost won - game abandoned"]

1. d4 d5 2. c4 dxc4 3. e3 Bf5 4. Bxc4 Bxb1 5. Rxb1 c6 6. Qb3 e6 7. Qxb7 Qa5+ 8. Bd2 Qg5 9. Qxa8 Qxg2 10. Qxb8+ Ke7 11.
Bb4+ Kf6 0-1

[Event "Live Chess"]
[Site "Chess.com"]
[Date "2023.05.20"]
[Round "-"]
[White "Greenbecker"]
[Black "smoggyrabbit"]
[Result "1-0"]
[WhiteElo "1654"]
[BlackElo "1672"]
[TimeControl "300"]
[EndTime "13:44:58 PDT"]
[Termination "Greenbecker won on time"]

1. e4 e6 2. d4 d5 3. exd5 exd5 4. Nf3 Bd6 5. Bd3 c6 6. O-O Ne7 7. Re1 O-O 8. Nc3 Bf5 9. Bg5 f6 10. Bh4 Bxd3 11. Qxd3 Na6 12. a3 Qd7 13. Re2 Nf5 14.
Bg3 Nxg3 15. hxg3 Rfe8 16. Rae1 Rxe2 17. Rxe2 Re8 18. Rxe8+ Qxe8 19. Qe3 Qxe3 20. fxe3 Bxg3 21. Na4 Bd6 22. Nc3 Kf7 23. Nh4 g6 24. g4 Ke6 25.
Kg2 f5 26. gxf5+ gxf5 27. Kf3 Nc7 28. Ng2 Ne8 29. Nf4+ Bxf4 30. Kxf4 Kf6 31. Ne2 Ng7 32. Ng3 Ne6+ 33. Kf3 Kg5 34. Ne2 h5 35. Kg3 c5 36.
dxc5 Nxc5 37. Nf4 Ne4+ 38. Kh3 Nf6 39. Ne6+ Kg6 40. Kh4 Kh6 41. Nf4 b6 42. b3 a5 43.
a4 Ne4 44. Nxh5 Nc3 45. Nf4 Nd1 46. Nxd5 Nf2 47. Kg3 Ng4 48. Kf4 Kg6 49. Nxb6 Kf6 50. Nc4 1-0

[Event "Live Chess"]
[Site "Chess.com"]
[Date "2023.05.20"]
[Round "-"]
[White "LozzaLoaf"]
[Black "WilliamofOrange16th"]
[Result "0-1"]
[WhiteElo "262"]
[BlackElo "1842"]
[TimeControl "300"]
[EndTime "13:44:58 PDT"]
[Termination "WilliamofOrange16th won by checkmate"]

1. d4 d5 2. Nc3 c6 3. b3 Nf6 4. Na4 b6 5. c4 e6 6. cxd5 exd5 7.
b4 Bxb4+ 8. Bd2 Qe7 9. Bxb4 Qxb4+ 10. Qd2 Qxa4 11. Nf3 O-O 12. e4 Nxe4 13. Ne5 Nxd2 14. Kxd2 Qxd4+ 15. Nd3 Qxa1 16. h4 Qxa2+ 17. Ke1 Bf5 18.
g4 Bxd3 19. Bxd3 Qa1+ 20. Bb1 Qxb1+ 21. Ke2 Qxh1 22. f3 a5 23. Ke3 a4 24. h5 a3 25.
f4 a2 26. g5 Ra3+ 27. Kd4 c5+ 28. Ke5 Qe4+ 29. Kd6 Qe6+ 30. Kc7 Ra7# 0-1

[Event "Live Chess"]
[Site "Chess.com"]
[Date "2023.05.20"]
[Round "-"]
[White "chessfiction"]
[Black "Duke_of_Bebington"]
[Result "1-0"]
[WhiteElo "2404"]
[BlackElo "1576"]
[TimeControl "300"]
[EndTime "13:45:04 PDT"]
[Termination "chessfiction won by resignation"]

1. e4 e5 2. d4 exd4 3. c3 dxc3 4. Bc4 d6 5. Nf3 Nf6 6. Qb3 Qe7 7. O-O Be6 8. Qxb7 cxb2 9. Bxb2 Bxc4 10. Qxa8 Nd7 11. Rc1 Be6 12. Rxc7 Bg4 13. Rc8+ Qd8 14. Rxd8+ Kxd8 1-0

[Event "Live Chess"]
[Site "Chess.com"]
[Date "2023.05.20"]
[Round "-"]
[White "luckywookie"]
[Black "MaximKris"]
[Result "0-1"]
[WhiteElo "744"]
[BlackElo "1847"]
[TimeControl "300"]
[EndTime "13:45:22 PDT"]
[Termination "MaximKris won by checkmate"]

1. e4 e5 2. Nf3 Nc6 3. c3 Nf6 4. d3 d6 5. Bg5 Bg4 6. h3 h6 7. Bxf6 Bxf3 8. Qxf3 Qxf6 9. Be2 O-O-O 10. Qg4+ Kb8 11.
Qf5 Qxf5 12. exf5 Ne7 13. g4 f6 14. f3 Nd5 15. Nd2 Nf4 16. Nb3 Nxe2 17. Kxe2 h5 18. Na5 hxg4 19. fxg4 Be7 20. Kf3 Rh6 21. b4 g6 22. Ke4 d5+ 23. Kf3 gxf5 24. gxf5 Rh5 25. Kg4 Rg5+ 26. Kf3 Rxf5+ 27. Kg4 Rf4+ 28. Kg3 Rg8+ 29.
Kh2 Rf2# 0-1

[Event "Live Chess"]
[Site "Chess.com"]
[Date "2023.05.20"]
[Round "-"]
[White "Singapourfeuj"]
[Black "NAZRIZ1977"]
[Result "1-0"]
[WhiteElo "2242"]
[BlackElo "2050"]
[TimeControl "300"]
[EndTime "13:45:41 PDT"]
[Termination "Singapourfeuj won by resignation"]

1. d4 Nf6 2. Nf3 d5 3. c4 g6 4. Nc3 Bg7 5. Bf4 O-O 6. e3 c5 7.
Be2 cxd4 8. exd4 dxc4 9. O-O Bg4 10. h3 Bxf3 11. Bxf3 Nc6 12. d5 Nb4 13. Qa4 Nd3 14. Qxc4 Nxb2 15. Qb5 Rc8 16. Qxb2 Rxc3 17. Qxc3 Nxd5 18.
Qd2 Bxa1 19. Rxa1 Nxf4 20. Qxf4 1-0

[Event "Live Chess"]
[Site "Chess.com"]
[Date "2023.05.20"]
[Round "-"]
[White "LodeshChess"]
[Black "nigelst"]
[Result "1-0"]
[WhiteElo "1099"]
[BlackElo "1816"]
[TimeControl "300"]
[EndTime "13:45:53 PDT"]
[Termination "LodeshChess won by resignation"]

1. e4 c6 2. Nf3 d5 3. d3 dxe4 4. Ng5 exd3 5. Bxd3 h6 6. Nxf7 Kxf7 7. Bg6+ Kxg6 8. Qxd8 Kf7 9. Qxc8 Na6 10. Qxa8 Nb4 11.
Na3 Nf6 1-0

[Event "Live Chess"]
[Site "Chess.com"]
[Date "2023.05.20"]
[Round "-"]
[White "stevefairhurst"]
[Black "GEMdzq"]
[Result "0-1"]
[WhiteElo "585"]
[BlackElo "2225"]
[TimeControl "300"]
[EndTime "13:45:57 PDT"]
[Termination "GEMdzq won by checkmate"]

1. e4 d6 2. Nf3 Nf6 3. Bc4 g6 4.
Ng5 e6 5. Qf3 Bg7 6. e5 dxe5 7.
d3 Nc6 8. Be3 h6 9. Ne4 O-O 10.
Nxf6+ Qxf6 11. Qxf6 Bxf6 12. Bxh6 Rd8 13. Nc3 Nd4 14.
Rc1 c6 15. Rd1 Nxc2+ 16. Kd2 Nd4 17. Ne2 b5 18. Bb3 Bb7 19. Nxd4 exd4 20. Rde1 c5 21. Bc2 Kh7 22. Bf4 g5 23. Bg3 Bxg2 24. Rhg1 Bf3 25. Bd6 Rxd6 26. Rg3 g4 27. Bb3 Bg5+ 28.
Kc2 c4 29. Bxc4 bxc4 30. dxc4 d3+ 31. Kc3 d2 32. Rd1 Bxd1 33. Rxg4 Bxg4 34. h3 d1=Q 35. f3 Bd2# 0-1

[Event "Live Chess"]
[Site "Chess.com"]
[Date "2023.05.20"]
[Round "-"]
[White "toog"]
[Black "Delacorta"]
[Result "1-0"]
[WhiteElo "2613"]
[BlackElo "1422"]
[TimeControl "300"]
[EndTime "13:45:57 PDT"]
[Termination "toog won by resignation"]

1. e4 e6 2. d4 d5 3. Nd2 b5 4.
Bxb5+ Bd7 5. Bd3 Bc6 6. e5 Nd7 7. Ngf3 Ne7 8. O-O Ng6 9. Re1 Be7 10. Nf1 h5 11. c3 h4 12. Qc2 h3 13. g3 Nh4 14. gxh4 Bxh4 15. Ng3 Nxe5 16. dxe5 d4 17. Nxd4 Bg2 18. Be4 1-0

[Event "Live Chess"]
[Site "Chess.com"]
[Date "2023.05.20"]
[Round "-"]
[White "Jeffaroow"]
[Black "DmitryVasliev"]
[Result "0-1"]
[WhiteElo "468"]
[BlackElo "1668"]
[TimeControl "300"]
[EndTime "13:46:00 PDT"]
[Termination "DmitryVasliev won by resignation"]

1. e4 d6 2. Nf3 g6 3. Nc3 Bg7 4.
d4 c6 5. Be3 Nd7 6. Bd3 a6 7.
O-O b5 8. Qd2 e5 9. dxe5 dxe5 10. Be2 Qc7 11. Rad1 Bf8 12. a3 f6 13. g4 Be7 14. h3 Nf8 15. g5 f5 16. exf5 gxf5 17. Bc5 Ng6 18. Bxe7 N8xe7 19. h4 Nf4 20. Nxe5 Qxe5 21.
Qd8+ Kf7 22. Qb6 0-1

[Event "Live Chess"]
[Site "Chess.com"]
[Date "2023.05.20"]
[Round "-"]
[White "kevinmilleruk"]
[Black "JoshMcK"]
[Result "0-1"]
[WhiteElo "1150"]
[BlackElo "1578"]
[TimeControl "300"]
[EndTime "13:46:11 PDT"]
[Termination "JoshMcK won by resignation"]

1. c4 Nf6 2. Nc3 g6 3. g3 Bg7 4. Bg2 O-O 5. Nf3 c6 6. O-O d6 7. d4 Nbd7 8. Bg5 a6 9. b4 Re8 10. e3 Qc7 11. b5 axb5 12. cxb5 cxb5 13. Nxb5 Qc4 14. a4 Ne4 15. Bh4 Nb6 16. Qc1 Qxc1 17. Rfxc1 Rxa4 18. Nd2 Rxa1 19. Rxa1 Nxd2 20. Nc7 Kf8 21.
Nxe8 Kxe8 22. Ra7 f6 23. Bxb7 Bxb7 24. Rxb7 Nd5 25. e4 Nc3 26. Rb8+ Kf7 27. e5 g5 28. exf6 Bxf6 29. Bxg5 Nf3+ 30. Kg2 Nxg5 31. f4 Nge4 32.
g4 Bxd4 33. Rh8 Bxh8 0-1

[Event "Live Chess"]
[Site "Chess.com"]
[Date "2023.05.20"]
[Round "-"]
[White "Reggie016"]
[Black "jennybobby44"]
[Result "0-1"]
[WhiteElo "1070"]
[BlackElo "1848"]
[TimeControl "300"]
[EndTime "13:46:12 PDT"]
[Termination "jennybobby44 won by resignation"]

1. e4 c5 2. c3 d5 3. exd5 Nf6 4. d4 cxd4 5. cxd4 Nxd5 6. Nf3 g6 7.
Bc4 Bg7 8. O-O O-O 9. Be3 Nxe3 10. fxe3 a6 11. Qb3 b5 12. Bd5 Ra7 13. Ng5 e6 14. Be4 Qxg5 0-1

[Event "Live Chess"]
[Site "Chess.com"]
[Date "2023.05.20"]
[Round "-"]
[White "LL220284LL"]
[Black "howitzer14"]
[Result "0-1"]
[WhiteElo "2391"]
[BlackElo "2904"]
[TimeControl "300"]
[EndTime "13:46:17 PDT"]
[Termination "howitzer14 won by resignation"]

1. Nf3 d5 2. b3 Bg4 3. Bb2 Bxf3 4. exf3 Nf6 5. d4 g6 6. Bd3 Bg7 7. O-O O-O 8. Nd2 Nfd7 9. Re1 c5 10. Qc1 cxd4 11. Nf1 Nc6 12. Ng3 e5 13. h4 Qxh4 14. c3 Rac8 15. cxd4 Nxd4 16. Qd2 Nc5 17. Bf1 Nce6 18.
Rac1 Bh6 0-1

[Event "Live Chess"]
[Site "Chess.com"]
[Date "2023.05.20"]
[Round "-"]
[White "wadsy27"]
[Black "AbilifyXL"]
[Result "1-0"]
[WhiteElo "2540"]
[BlackElo "1950"]
[TimeControl "300"]
[EndTime "13:46:21 PDT"]
[Termination "wadsy27 won by resignation"]

1. d4 d5 2. c4 c6 3. Nf3 Nf6 4.
g3 Bf5 5. Bg2 e6 6. O-O Nbd7 7.
Nc3 Be7 8. Nd2 O-O 9. e4 dxe4 10. Ndxe4 Nxe4 11. Nxe4 Nf6 12. Nc3 h6 13. h3 Qc7 14.
Bf4 Bd6 15. Bxd6 Qxd6 16. Qd2 Rad8 17. Rfd1 Rfe8 18. Qe3 a6 19. c5 Qc7 20. Re1 Rd7 21.
Rad1 Red8 22. Na4 Bc2 23. Nb6 Bxd1 24. Nxd7 Qxd7 25. Rxd1 Nd5 26. Qe5 Nf6 27. b4 Nd5 28. a3 Nc3 29. Rd3 Nb5 30. g4 Nxd4 31. Kh1 f6 32. Qe4 e5 33. f4 Qd5 34. Qe3 Qe6 35.
a4 Re8 36. fxe5 fxe5 37. Qe4 Qf6 38. Rxd4 exd4 39. Qxe8+ Kh7 40. Be4+ g6 41. Qd7+ Kh8 42. Qc8+ Kh7 43. Qxb7+ Kh8 44. Qc8+ Kh7 45. Qd7+ Kh8 46. Qe8+ Kh7 47. Qxg6+ Qxg6 48. Bxg6+ Kxg6 49. Kg2 Kf6 50. Kf3 Ke5 51. h4 d3 52. Ke3 d2 53. Kxd2 Kf4 54. b5 axb5 55. axb5 cxb5 56. c6 1-0

[Event "Live Chess"]
[Site "Chess.com"]
[Date "2023.05.20"]
[Round "-"]
[White "ProfPoisson"]
[Black "mliszewski"]
[Result "1-0"]
[WhiteElo "1142"]
[BlackElo "1862"]
[TimeControl "300"]
[EndTime "13:46:33 PDT"]
[Termination "ProfPoisson won by checkmate"]

1. e4 c6 2. d4 d5 3. exd5 cxd5 4.
c4 Nf6 5. Nc3 g6 6. Qb3 Bg7 7.
Nxd5 Nxd5 8. cxd5 Bxd4 9. Qa4+ Nd7 10. Qxd4 O-O 11. Bh6 f6 12. Bxf8 Qxf8 13. Nf3 e5 14. dxe6 Nc5 15. Bc4 Bxe6 16. Bxe6+ Nxe6 17. Qd5 Re8 18. O-O Kg7 19. Qxb7+ Re7 20. Qb3 Nf4 21. Rae1 Rc7 22.
g3 Nh3+ 23. Kg2 Qc8 24. Nd4 Ng5 25. Ne6+ Nxe6 26. Qxe6 Qa8+ 27. Qe4 Qb8 28. Kg1 Qxb2 29. Qf4 Qb6 30. Rb1 Qa5 31. Rfc1 Re7 32. Rb4 g5 33. Qd6 Rf7 34. Rbc4 Qxa2 35. Rc7 Qb2 36. Rxf7+ Kxf7 37. Rc7+ Kg6 38. Qd3+ Kh5 39. Rxh7+ Kg4 40. Qe4# 1-0

[Event "Live Chess"]
[Site "Chess.com"]
[Date "2023.05.20"]
[Round "-"]
[White "JoeRoot66"]
[Black "Bob2pen"]
[Result "0-1"]
[WhiteElo "1907"]
[BlackElo "1822"]
[TimeControl "300"]
[EndTime "13:46:33 PDT"]
[Termination "Bob2pen won by resignation"]

1. e4 e6 2. d4 d5 3. Bd3 Nf6 4.
e5 Nfd7 5. f4 c5 6. c3 Nc6 7.
Nf3 Be7 8. O-O f5 9. Ng5 Bxg5 10.
Qh5+ g6 11. Qxg5 Qxg5 12. fxg5 cxd4 13. cxd4 Nxd4 0-1

[Event "Live Chess"]
[Site "Chess.com"]
[Date "2023.05.20"]
[Round "-"]
[White "CheckThis4"]
[Black "mightysmasher"]
[Result "1-0"]
[WhiteElo "2548"]
[BlackElo "2087"]
[TimeControl "300"]
[EndTime "13:46:38 PDT"]
[Termination "CheckThis4 won by checkmate"]

1. Nf3 d5 2. d4 c5 3. e3 Nc6 4. Bb5 Bd7 5. O-O e6 6. c4 Nf6 7. Nc3 a6 8. Bxc6 Bxc6 9. Ne5 Bd6 10. Nxc6 bxc6 11. dxc5 Bxc5 12. Qa4 O-O 13. Qxc6 Rc8 14.
Qxa6 dxc4 15. Qxc4 Bxe3 16. Qe2 Bc5 17. Rd1 Qc7 18. Be3 Bd6 19. h3 Qb8 20. Rac1 Rfd8 21. Nb5 Bh2+ 22. Kh1 Be5 23. Rxc8 Rxc8 24. a4 Ne4 25. a5 f5 26. a6 h6 27. a7 Qb7 28.
Ra1 Bf6 29. Kg1 g5 30. f3 Ng3 31. Qd3 Qc6 32. Nc3 f4 33. Bf2 Ra8 34. Bxg3 fxg3 35. Qg6+ Bg7 36. Kh1 Qb6 37. Ne4 Qxb2 38. Rd1 Qe5 39. Kg1 Qf4 40. Qxe6+ Kh8 41. Qd7 Qe3+ 42. Kh1 Rxa7 43. Qe8+ Kh7 44. Nf6+ Bxf6 45. Qxe3 Re7 46. Qd3+ Kg7 47. Qd6 h5 48. Qxg3 Re2 49. h4 Kg6 50. hxg5 Be5 51. f4 Bg7 52. Qd3+ Kf7 53. Qxe2 h4 54.
Rd7+ Kf8 55. Qh5 Kg8 56. Qf7+ Kh8 57. Qxg7# 1-0

[Event "Live Chess"]
[Site "Chess.com"]
[Date "2023.05.20"]
[Round "-"]
[White "YrrriKharkiv"]
[Black "SupremeTactician"]
[Result "0-1"]
[WhiteElo "2066"]
[BlackElo "2377"]
[TimeControl "300"]
[EndTime "13:46:46 PDT"]
[Termination "SupremeTactician won on time"]

1. d4 Nf6 2. Nf3 e6 3. c4 Bb4+ 4. Bd2 Bxd2+ 5. Qxd2 O-O 6. g3 d5 7. Bg2 Ne4 8. Qc2 Nd7 9. cxd5 exd5 10. O-O Ndf6 11.
Nc3 Bf5 12. Qb3 Rb8 13. Rfd1 Nxc3 14. bxc3 c6 15. c4 dxc4 16. Qxc4 Be6 17. Qa4 a6 18. Rab1 Qd6 19. Rb2 Nd5 20. Qc2 Rfd8 21. e4 Nc7 22. Rdb1 Nb5 23. Rd1 Qe7 24. a4 Nc7 25.
Rdb1 Ne8 26. h3 Nd6 27. Ne5 Rbc8 28. Qc5 Qc7 29. d5 cxd5 30. Qxc7 Rxc7 31. exd5 Bf5 32. Rd1 f6 33. Nf3 Be4 34. Rb4 Rc4 35. Rxc4 Nxc4 36. Nd4 Bxg2 37. Kxg2 Rxd5 38. h4 Ne5 39. Rd2 Nc6 40.
Nf3 Rxd2 41. Nxd2 Kf7 42. Kf3 Ke6 43. Ke4 Kd6 44. f4 Kc5 45. g4 Kb4 46. g5 fxg5 47. hxg5 Kxa4 48. f5 b5 49. f6 gxf6 50. gxf6 Nd8 51.
Ke5 b4 52. Kd6 Nf7+ 53. Ke7 Ng5 54. Ne4 Nxe4 55. f7 b3 56. f8=Q b2 57. Qb8 Ka3 58. Qb6 Nc3 59. Qxa6+ Kb3 60. Qb6+ Kc2 61. Qf2+ Kc1 62. Qe3+ Kc2 63. Kf7 b1=Q 0-1

[Event "Live Chess"]
[Site "Chess.com"]
[Date "2023.05.20"]
[Round "-"]
[White "MarkLim1"]
[Black "BostonStrangler"]
[Result "0-1"]
[WhiteElo "1652"]
[BlackElo "2054"]
[TimeControl "300"]
[EndTime "13:46:51 PDT"]
[Termination "BostonStrangler won by resignation"]

1. d4 Nf6 2. Nf3 g6 3. c4 c5 4. d5 b5 5. Nbd2 bxc4 6. Nxc4 Bg7 7. Qc2 O-O 8. e4 e6 9. dxe6 fxe6 10. Bd3 d5 11. exd5 exd5 12. Ne3 c4 13. Be2 Nc6 14. Bxc4 Nb4 15. Qb3 Qe7 16. Be2 Be6 17. Nd4 Bf7 18.
O-O a5 19. a3 Na6 20. Bd2 Nc5 21. Qd1 Nfe4 22. Bc3 Nxc3 23. bxc3 Ne4 24. Rc1 Qxa3 25.
c4 Nc3 26. Qd3 Bxd4 27. Rxc3 Qxc3 0-1

[Event "Live Chess"]
[Site "Chess.com"]
[Date "2023.05.20"]
[Round "-"]
[White "EdvancedChess"]
[Black "seabuck"]
[Result "0-1"]
[WhiteElo "1893"]
[BlackElo "1863"]
[TimeControl "300"]
[EndTime "13:46:54 PDT"]
[Termination "seabuck won by resignation"]

1. e4 e6 2. Nf3 d5 3. exd5 exd5 4. d4 c6 5. Bd3 Bd6 6. O-O Ne7 7. Bg5 f6 8. Bh4 O-O 9. c3 Bf5 10. Re1 Bxd3 11. Qxd3 Nd7 12. Bg3 Bxg3 13. hxg3 Re8 14. Nh4 Nf8 15. Nd2 Nfg6 16. Ndf3 Qd7 17. a3 Kf7 18. Rad1 Nxh4 19. Nxh4 Ng6 20. Nf5 Rxe1+ 21. Rxe1 Re8 22. Rxe8 Kxe8 23. Qe2+ Kf7 24. Qh5 Qe6 25.
Kf1 b6 26. g4 Kg8 27. f3 Nf4 28. Qh2 Qe2+ 0-1

[Event "Live Chess"]
[Site "Chess.com"]
[Date "2023.05.20"]
[Round "-"]
[White "ExIsambard"]
[Black "xx_blindpuffin_xx"]
[Result "1-0"]
[WhiteElo "2000"]
[BlackElo "2184"]
[TimeControl "300"]
[EndTime "13:47:08 PDT"]
[Termination "ExIsambard won by resignation"]

1. d4 Nf6 2. Nf3 c5 3. c3 g6 4. Bg5 Bg7 5. e3 cxd4 6. exd4 O-O 7. Bd3 b6 8. Qe2 Bb7 9. Nbd2 d6 10. h4 Nbd7 11. h5 Nxh5 12. Rxh5 gxh5 13. Nh4 Nf6 14.
Bxf6 exf6 15. Qxh5 Re8+ 16. Kd1 f5 17. Nxf5 Qf6 18.
Kc2 Bc8 19. Rh1 Bxf5 20. Bxf5 h6 21. Ne4 Rxe4 22. Bxe4 Re8 23. f3 Qg5 24. Qh2 d5 25.
Bd3 Rc8 26. Qh3 Rc7 27. Qh2 Rc8 28. Re1 Bxd4 29. f4 Qg7 30. Qh3 Rd8 31. cxd4 Qf6 32.
Qg4+ Kh8 33. Qf5 Qg7 34. g4 Rf8 35. Rh1 Kg8 36. g5 hxg5 37. Qxg5 Qxg5 38. fxg5 Re8 39. g6 fxg6 40. Bxg6 Re2+ 41. Kb3 Rd2 42. Rh4 Kg7 43. Bf5 Kf6 44. Bc8 Kg5 45. Rg4+ Kh5 46. Kc3 Rd1 47. Rg8 a5 48. Bb7 Rc1+ 49. Kd2 Rb1 50.
Kc2 1-0

[Event "Live Chess"]
[Site "Chess.com"]
[Date "2023.05.20"]
[Round "-"]
[White "NAZRIZ1977"]
[Black "Delacorta"]
[Result "1-0"]
[WhiteElo "2051"]
[BlackElo "1421"]
[TimeControl "300"]
[EndTime "13:47:18 PDT"]
[Termination "NAZRIZ1977 won by resignation"]

1. d4 e6 2. Nc3 f5 3. e4 fxe4 4. Nxe4 Nf6 5. Bg5 Be7 6. Bxf6 Bxf6 7. Nf3 O-O 8. Bd3 d5 9. Ned2 Bd7 10. Qe2 Re8 11. O-O-O e5 12. Nxe5 Bxe5 13. dxe5 Qc8 14. f4 Bg4 15. Nf3 Nd7 16. h3 Bxf3 17. Qxf3 Nc5 18.
Qxd5+ Ne6 19. f5 Rd8 20. Qb3 1-0

[Event "Live Chess"]
[Site "Chess.com"]
[Date "2023.05.20"]
[Round "-"]
[White "trekker123"]
[Black "stevochess11"]
[Result "1-0"]
[WhiteElo "2090"]
[BlackElo "1794"]
[TimeControl "300"]
[EndTime "13:47:20 PDT"]
[Termination "trekker123 won by resignation"]

1. d4 Nf6 2. Nf3 g6 3. Nc3 d5 4.
Bf4 Bg7 5. Nb5 Na6 6. e3 c6 7.
Nc3 O-O 8. Bxa6 bxa6 9. O-O Rb8 10. b3 Ne4 11. Nxe4 dxe4 12. Bxb8 exf3 13. Qxf3 h5 14.
Bxa7 Bg4 15. Qg3 e6 16. Bc5 Re8 17. h3 Bf5 18. c4 Bf6 19. Qd6 Qa5 20. Qxc6 Qd2 21.
Qxe8+ 1-0

[Event "Live Chess"]
[Site "Chess.com"]
[Date "2023.05.20"]
[Round "-"]
[White "Brooms1989"]
[Black "raminguy"]
[Result "0-1"]
[WhiteElo "1018"]
[BlackElo "1964"]
[TimeControl "300"]
[EndTime "13:47:22 PDT"]
[Termination "raminguy won by resignation"]

1. e4 e5 2. Nc3 Nc6 3. Bc4 Nf6 4.
f4 exf4 5. d4 g5 6. e5 Ng8 7. Nf3 h6 8. O-O Bg7 9. b3 d6 10. exd6 cxd6 11. Re1+ Nge7 12. Qd3 O-O 13. Qe4 Bf5 14. Qe2 Nxd4 15. Nxd4 Bxd4+ 16. Kh1 Bxc3 17. Rb1 Bxe1 18. Qxe1 d5 19. Bd3 Bxd3 20. cxd3 Ng6 21.
Bb2 Qd6 22. Rc1 Rac8 23. d4 Qe6 24. Qxe6 Rxc1+ 25. Bxc1 fxe6 26. Kg1 Rc8 27. Bd2 Rc2 28. Bb4 Rxa2 0-1

[Event "Live Chess"]
[Site "Chess.com"]
[Date "2023.05.20"]
[Round "-"]
[White "whitedjohn"]
[Black "VovaOvchar1990"]
[Result "1-0"]
[WhiteElo "1652"]
[BlackElo "1211"]
[TimeControl "300"]
[EndTime "13:47:24 PDT"]
[Termination "whitedjohn won by checkmate"]

1. e4 e5 2. Nf3 Nc6 3. Bb5 Bc5 4. O-O d6 5. h3 Nf6 6. Bxc6+ bxc6 7. Re1 O-O 8. d4 Bxd4 9. Nxd4 exd4 10. Qxd4 c5 11. Qd3 Nh5 12. Nc3 f5 13. Qd5+ Kh8 14. Qxa8 fxe4 15. Qxe4 Qf6 16. Be3 Bf5 17. Qf3 Qg6 18. g4 Nf6 19. Qxf5 Qe8 20. Bxc5 dxc5 21. Rxe8 Nxe8 22.
Qxf8# 1-0

[Event "Live Chess"]
[Site "Chess.com"]
[Date "2023.05.20"]
[Round "-"]
[White "Ed_Knox"]
[Black "omisoc"]
[Result "0-1"]
[WhiteElo "1508"]
[BlackElo "2143"]
[TimeControl "300"]
[EndTime "13:47:25 PDT"]
[Termination "omisoc won on time"]

1. d4 Nf6 2. Bf4 d6 3. e3 b6 4.
Nf3 Ba6 5. Bxa6 Nxa6 6. c3 Qd7 7.
Nbd2 g6 8. O-O Bg7 9. Qe2 Qc8 10. Rfe1 O-O 11. e4 c5 12. d5 Nc7 13. h3 Re8 14. Qe3 e5 15. Bh6 Rf8 16. Nc4 Nce8 17. Qg5 Qd8 18. Bxg7 Kxg7 19. Qh4 Nh5 20. Ng5 h6 21. Nf3 g5 22. Qxh5 Nf6 23. Nxg5 Nxh5 24. Re3 hxg5 25. Rg3 Nxg3 26. fxg3 f5 27. exf5 Rxf5 28.
Rf1 Rxf1+ 29. Kxf1 Qf6+ 30. Kg1 Rf8 31. Kh1 e4 32. Kg1 Qf1+ 33. Kh2 Qxc4 0-1